 Dungeon Crawl Stone Soup version 0.26-a0-712-ga5a9c9c9d0 (webtiles) character file.

Game seed: 1559959897181507373

457 gbos the Skirmisher (level 7, -3/75 HPs)
             Began as an Ogre Fighter on Nov 6, 2020.
             Was an Initiate of Okawaru.
             Slain by a gnoll
             ... wielding a +0 whip
              (6 damage)
             ... on level 4 of the Dungeon.
             The game lasted 00:04:47 (5146 turns).

gbos the Skirmisher (Ogre Fighter)                  Turns: 5146, Time: 00:04:48

Health: -3/75      AC:  3    Str: 21    XL:     7   Next: 6%
Magic:  7/7        EV:  8    Int: 17    God:    Okawaru [......]
Gold:   111        SH: 10    Dex:  8    Spells: 6/6 levels left

rFire    . . .     SeeInvis .   a - +0 flail
rCold    . . .     Faith    +   c - +1 kite shield
rNeg     . . .     Spirit   .   b - +0 robe
rPois    .         Reflect  .   (helmet restricted)
rElec    .         Harm     .   (no cloak)
rCorr    .         Rampage  .   (gloves unavailable)
MR       .....                  (boots unavailable)
Stlth    +.........             q - amulet of faith
HPRegen  0.22/turn              g - +6 ring of intelligence
MPRegen  0.10/turn              f - ring of flight

@: mighty
A: large, unfitting armour, tough skin 1
a: Renounce Religion, Evoke Flight


You were on level 4 of the Dungeon.
You worshipped Okawaru.
Okawaru was noncommittal.
You visited 2 branches of the dungeon, and saw 5 of its levels.

You collected 111 gold pieces.


Innate Abilities, Weirdness & Mutations

You are too large for most types of armour.
You have tough skin. (AC +1)


   Skills:
 + Level 6.1 Fighting
 * Level 4.9 Maces & Flails
 - Level 2.6 Dodging
 + Level 4.2 Shields


You had 6 spell levels left.
You didn't know any spells.
Your spell library was empty.

Inventory:

Hand Weapons
 a - a +0 flail (weapon)
 t - a +0 hand crossbow
Missiles
 h - 10 poisoned darts (quivered)
 i - 8 curare-tipped darts {=f}
Armour
 b - a +0 robe (worn)
 c - a +1 kite shield (worn)
Jewellery
 f - a ring of flight (right hand)
 g - a +6 ring of intelligence (left hand)
 k - an uncursed amulet of magic regeneration
 q - an amulet of faith (around neck)
Scrolls
 e - 4 scrolls of identify {@r1}
 j - 5 scrolls of remove curse
 p - 2 scrolls of fear
Potions
 d - a potion of might
 l - a potion of brilliance {unknown}
 m - 2 potions of cancellation
 n - a potion of stabbing {unknown}
 r - a potion of heal wounds {unknown}
 s - a potion of berserk rage {unknown}

Dungeon Overview and Level Annotations

Branches:
Dungeon (4/15)             Temple (1/1) D:4

Altars:
Cheibriados
Dithmenos
Elyvilon
Fedhas
Kikubaaqudgha
Makhleb
Nemelex Xobeh
Okawaru
Sif Muna
Trog
Uskayaw
Vehumet
Wu Jian
Xom
Zin
The Shining One

.▒....g.g....▒▒▒.▒
.▒.▒▒▒▒▒▒▒▒▒.▒ ▒.▒
.▒g▒ ▒.▒ ▒.▒▒▒▒..
.▒.▒
▒▒▒▒▒▒▒g▒▒▒.......
.▒g▒
▒.........g..g....
▒g▒
▒.▒▒▒▒▒.▒▒▒.▒▒▒▒..
▒.▒ ▒.▒ ▒.▒ .▒
▒.▒.▒▒▒g▒ ▒.▒ ..
▒..).g.O▒ ▒.▒ .▒▒
▒▒▒.▒▒▒▒▒ ▒.▒ .▒
▒.. ..▒ .▒ ▒▒▒ ▒▒
.▒


You could see 2 gnolls.


Message History

You block the gnoll's attack. The gnoll hits you with a +0 spear.
* * * LOW HITPOINT WARNING * * *
You barely miss the gnoll.
The gnoll is almost dead.
You block the gnoll's attack.
The gnoll hits you from afar with a +0 halberd!
* * * LOW HITPOINT WARNING * * *
The gnoll hits you with a +0 spear!
* * * LOW HITPOINT WARNING * * *
Unknown command.
You thump the gnoll!
You kill the gnoll!
Okawaru accepts your kill. You block the gnoll's attack.
The gnoll hits you with a +0 whip.
* * * LOW HITPOINT WARNING * * *
The gnoll hits you from afar with a +0 halberd!
* * * LOW HITPOINT WARNING * * *
Unknown command.
You feel very mighty all of a sudden. The gnoll barely misses you.
You block the gnoll's attack.
Unknown command.
The gnoll hits you with a +0 whip!
* * * LOW HITPOINT WARNING * * *
You block the gnoll's attack.
You closely miss the gnoll. The gnoll hits you with a +0 whip.
You die...

Action                   |  1- 3 |  4- 6 |  7- 9 || total
-------------------------+-------+-------+-------++-------
Melee: Flail             |   126 |   195 |     8 ||   329
Throw: Dart              |       |     3 |       ||     3
  Use: Scroll            |       |     9 |       ||     9
       Potion            |       |       |     3 ||     3
 Stab: Sleeping          |       |     1 |       ||     1
Armor: Robe              |    54 |    60 |       ||   114
Dodge: Dodged            |    64 |    68 |     2 ||   134
Block: Kite shield       |    67 |   121 |    12 ||   200

Levels and vault maps discovered:
D:1:      shiori_arrival_oz, layout_loops_ring, minmay_pentomino_s2
D:2:      layout_basic, chequers_serial_rivers_micro_c, uniq_robin, uniq_natasha
D:3:      layout_basic
D:4:      layout_loops_ring, temple_hall, bh_walls_and_bars
Temple:   eino_temple_scatter_basement

Notes
Turn   | Place    | Note
-------+----------+-------------------------------------------
     0 | D:1      | gbos the Ogre Fighter began the quest for the Orb.
     0 | D:1      | Reached XP level 1. HP: 24/24 MP: 1/1
    78 | D:1      | Reached skill level 2 in Maces & Flails
   172 | D:1      | Reached XP level 2. HP: 32/32 MP: 2/2
   614 | D:1      | HP: 7/33 [hobgoblin/+0 club (5)]
   619 | D:1      | Reached XP level 3. HP: 9/40 MP: 3/3
   877 | D:1      | Reached skill level 3 in Shields
  1509 | D:1      | HP: 12/40 [poisoned by an adder]
  1517 | D:1      | HP: 11/40 [poisoned by an adder]
  1790 | D:2      | Reached skill level 3 in Maces & Flails
  1790 | D:2      | Reached XP level 4. HP: 45/49 MP: 4/4
  1949 | D:2      | Noticed Natasha
  1955 | D:2      | Killed Natasha
  2117 | D:2      | Noticed Natasha
  2127 | D:2      | Killed Natasha
  2130 | D:2      | Reached skill level 5 in Fighting
  2138 | D:2      | Noticed Natasha
  2153 | D:2      | Killed Natasha
  2153 | D:2      | Reached XP level 5. HP: 22/57 MP: 5/5
  2369 | D:2      | Noticed Robin
  2427 | D:2      | Killed Robin
  2430 | D:2      | HP: 17/57 [goblin/+0 club[Robin] (6)]
  3608 | D:3      | Reached skill level 4 in Maces & Flails
  3650 | D:3      | Reached XP level 6. HP: 47/66 MP: 6/6
  4575 | D:4      | Reached skill level 4 in Shields
  4694 | D:4      | Noticed a necrophage
  4706 | D:4      | Killed a necrophage
  4706 | D:4      | Reached skill level 6 in Fighting
  4837 | D:4      | Found a staircase to the Ecumenical Temple.
  4846 | Temple   | Entered the Ecumenical Temple
  5037 | Temple   | Became a worshipper of Warmaster Okawaru
  5132 | D:4      | Reached XP level 7. HP: 53/75 MP: 7/7
  5141 | D:4      | HP: 20/75 [gnoll/+0 halberd (15)]
  5143 | D:4      | HP: 5/75 [gnoll/+0 halberd (13)]
  5146 | D:4      | Slain by a gnoll

Vanquished Creatures
  A necrophage (D:4)
  3 orc priests (D:3)
  An iguana (D:4)
  Natasha (thrice) (D:2)
  Robin (D:2)
  A gnoll (D:4)
  6 adders
  A worm (D:4)
  3 dart slugs
  5 leopard geckos
  7 orcs (D:3)
  2 giant cockroaches
  15 hobgoblins
  4 jackals (D:3)
  A quokka (D:3)
  2 ball pythons
  12 bats
  4 frilled lizards
  15 goblins
  7 kobolds
  6 rats
100 creatures vanquished.
